AoeStats
← Marcos

Arena

510413632Analyzed
3v3 RM · 3d ago on Sep 30, 2026· 44m 59s· 6 players
Game mode
Random Map
Map size
Normal (6 player)
Population
200
Speed
Normal
Resources
Standard
Victory
Conquest
Starting age
Dark Age
Ending age
Imperial Age
RankedLock teamsTeams togetherTeam positionsShared explorationLock speedFull tech treeHidden civsTurbo modeCheats
Victory
Defeat
🇦🇷 Celts · Argentina
1005
+13
🇹🇳 Mongols · Tunisia
1000
+40
🇦🇷 Teutons · Argentina
911
+17
🇨🇦 Bohemians · Canada
970
-38
🇵🇹 Teutons · Portugal
967
-35
🇵🇹 Celts · Portugal
859
-17
andy
9:48 Feudal Age
10:29 Town Watch
13:58 Castle Age
12:22 Double-Bit Axe
13:57 Town Watch
13:55 Horse Collar
17:17 Bow Saw
19:28 Stone Mining
20:18 Fervor
21:37 Wheelbarrow
20:54 Loom
23:11 Bloodlines
30:01 Imperial Age
28:24 Hand Cart
28:12 Heavy Plow
28:03 Gold Mining
28:21 Scale Barding Armor
28:07 Fletching
29:23 Chain Barding Armor
30:00 Stone Shaft Mining
29:38 Forging
30:30 Cavalier
32:17 Chemistry
31:54 Plate Barding Armor
32:47 Two-Man Saw
34:28 Iron Casting
34:49 Crenellations
38:39 Bodkin Arrow
38:44 Padded Archer Armor
39:45 Blast Furnace
38:24 Elite Skirmisher
40:34 Ballistics
41:01 Leather Archer Armor
40:46 Paladin
41:31 Atonement
42:51 Scale Mail Armor
43:15 Conscription
43:47 Chain Mail Armor
44:07 Elite Teutonic Knight
45:30 Squires
Jarem
11:25 Feudal Age
12:42 Loom
15:37 Castle Age
14:02 Horse Collar
14:37 Double-Bit Axe
17:45 Stone Mining
21:40 Wheelbarrow
21:36 Gold Mining
23:08 Bow Saw
25:24 Town Watch
25:47 Pikeman
27:27 Scale Barding Armor
27:33 Forging
27:24 Scale Mail Armor
28:47 Fletching
29:18 Chain Barding Armor
29:42 Heavy Plow
30:22 Gold Shaft Mining
33:11 Stronghold
36:02 Imperial Age
34:26 Bodkin Arrow
35:07 Iron Casting
34:48 Chain Mail Armor
36:01 Husbandry
36:04 Arson
37:08 Conscription
36:13 Capped Ram
36:50 Cavalier
38:38 Hoardings
37:56 Stronghold
40:59 Halberdier
44:59 Plate Mail Armor
45:30 Blast Furnace
ak8403
10:06 Feudal Age
10:40 Double-Bit Axe
18:56 Castle Age
17:15 Horse Collar
20:00 Heavy Plow
20:14 Bow Saw
20:17 Gold Mining
22:32 Scale Barding Armor
24:05 Forging
28:23 Gold Shaft Mining
31:31 Imperial Age
30:38 Wheelbarrow
31:51 Chain Barding Armor
32:10 Iron Casting
32:06 Husbandry
32:16 Bloodlines
34:55 Ballistics
35:36 Chemistry
35:19 Fletching
35:31 Padded Archer Armor
36:31 Blast Furnace
35:39 Elite Steppe Lancer
37:31 Bodkin Arrow
37:54 Leather Archer Armor
HellHoundAdy
11:00 Feudal Age
18:01 Castle Age
16:59 Loom
17:46 Arson
18:17 Forging
18:08 Scale Mail Armor
18:15 Double-Bit Axe
19:38 Pikeman
21:07 Squires
22:56 Fervor
25:36 Loom
25:45 Horse Collar
26:47 Heavy Plow
29:49 Bow Saw
33:21 Wheelbarrow
33:42 Iron Casting
33:22 Chain Mail Armor
32:59 Fletching
33:10 Padded Archer Armor
38:03 Imperial Age
36:04 Town Watch
36:52 Bodkin Arrow
37:12 Leather Archer Armor
37:44 Hand Cart
39:06 Chemistry
38:10 Halberdier
40:48 Town Patrol
AlphaRaven
12:10 Feudal Age
16:39 Castle Age
14:28 Horse Collar
15:04 Double-Bit Axe
16:55 Wheelbarrow
17:04 Loom
17:40 Bow Saw
17:53 Heavy Plow
18:08 Gold Mining
23:28 Hand Cart
24:09 Stone Mining
26:11 Fletching
26:21 Padded Archer Armor
26:59 Forging
28:31 Town Watch
32:55 Imperial Age
30:19 Town Watch
30:38 Pikeman
31:22 Squires
32:10 Iron Casting
31:35 Scale Mail Armor
31:30 Bodkin Arrow
31:35 Padded Archer Armor
32:43 Fortified Wall
33:34 Town Patrol
34:43 Two-Man Saw
34:00 Chain Mail Armor
33:40 Bodkin Arrow
36:19 Blast Furnace
35:49 Plate Mail Armor
35:54 Siege Engineers
36:10 Halberdier
36:51 Bodkin Arrow
40:12 Chemistry
39:33 Ballistics
39:10 Arson
39:10 Gambesons
38:46 Man-at-Arms
39:54 Crenellations
39:54 Conscription
40:10 Hoardings
41:51 Long Swordsman
42:05 Onager
43:41 Two-Handed Swordsman
43:45 Onager
Marcos
12:15 Feudal Age
14:45 Wheelbarrow
14:10 Double-Bit Axe
17:49 Castle Age
16:40 Stone Mining
16:41 Gold Mining
17:06 Horse Collar
17:51 Arson
21:57 Scale Mail Armor
24:03 Hand Cart
23:35 Loom
24:16 Gambesons
25:22 Bow Saw
24:58 Man-at-Arms
27:01 Long Swordsman
27:48 Padded Archer Armor
28:08 Forging
29:17 Gold Shaft Mining
29:18 Stone Shaft Mining
29:21 Caravan
29:13 Pikeman
31:37 Coinage
32:33 Iron Casting
31:48 Fletching
32:13 Chain Mail Armor
32:14 Leather Archer Armor
34:18 Town Watch
34:54 Leather Archer Armor
34:35 Bodkin Arrow
34:46 Scale Barding Armor
37:48 Imperial Age
36:20 Ballistics
38:09 Fortified Wall
37:55 Murder Holes
37:52 Guard Tower
37:55 Halberdier
39:57 Capped Ram
40:43 Two-Handed Swordsman
42:33 Chemistry
42:31 Banking
44:46 Heated Shot
Connection lost

Rejoining the realm…

Still unreachable

The connection could not be restored.

Session expired

The server has moved on; the page needs a fresh start.